Map: 어스름 탑

Players

llllllllllll

  • Race: Protoss Protoss

TOP - Winner!

  • Race: Terran Terran

Event: Gauntlet LotV Series 1 Qualifier 1

VOD

Have the link to the VOD?

Description

Time

  • Played on: Nov. 22, 2015, 4:58 p.m.
  • Length: 15:58

All games in this series

Show
View Real Time Build Order
Export as new Build Order

llllllllllll Protoss 

Build Orders: Phoenix Opening 

Get SALT Encoding   

  12  0:01  Probe (Chrono Boost)  
  13  0:11  Probe (Chrono Boost)  
  14  0:17  Pylon  
  14  0:22  Probe (Chrono Boost)  
  15  0:36  Probe (Chrono Boost)  
  15  0:37  Gateway  
  16  0:43  Assimilator  
  16  0:46  Probe (Chrono Boost)  
  17  0:52  Assimilator  
  17  0:57  Probe (Chrono Boost)  
  18  1:08  Probe (Chrono Boost)  
  18  1:09  Pylon  
  20  1:18  Probe (Chrono Boost)  
  20  1:27  Cybernetics Core  
  20  1:29  Probe (Chrono Boost)  
  21  1:39  Probe (Chrono Boost)  
  22  1:58  Nexus  
  22  2:05  Mothership Core (Chrono Boost)  
  24  2:11  Adept  
  24  2:14  Warp Gate  
  26  2:23  Probe (Chrono Boost)  
  27  2:38  Probe (Chrono Boost)  
  28  2:47  Adept  
  28  2:49  Probe (Chrono Boost)  
  28  2:51  Stargate  
  31  3:09  Probe (Chrono Boost)  
  32  3:17  Probe (Chrono Boost), Adept (Chrono Boost)  
  35  3:20  Probe  
  35  3:21  Pylon  
  34  3:28  Probe  
  34  3:32  Probe  
  34  3:33  Gateway  
  36  3:35  Phoenix  
  36  3:39  Probe (Chrono Boost)  
  39  3:44  Probe (Chrono Boost)  
  40  3:50  Probe (Chrono Boost)  
  41  3:56  Probe (Chrono Boost)  
  41  4:01  Probe (Chrono Boost)  
  41  4:02  Robotics Facility  
  43  4:03  Phoenix  
  45  4:10  Probe (Chrono Boost)  
  45  4:11  Probe (Chrono Boost)  
  47  4:20  Gateway  
  47  4:21  Probe (Chrono Boost), Pylon  
  47  4:22  Probe (Chrono Boost)  
  49  4:30  Phoenix  
  51  4:39  Probe x2 (Chrono Boost)  
  51  4:41  Assimilator  
  51  4:43  Pylon  
  51  4:45  Assimilator  
  53  4:47  Pylon  
  53  4:48  Probe (Chrono Boost)  
  53  4:49  Probe (Chrono Boost)  
  53  4:51  Observer (Chrono Boost)  
  56  4:54  Phoenix  
  56  4:59  Probe  
  58  5:01  Probe  
  60  5:09  Probe  
  60  5:13  Probe  
  60  5:19  Nexus  
  60  5:20  Probe  
  60  5:24  Pylon  
  61  5:30  Immortal (Chrono Boost)  
  61  5:35  Probe  
  65  5:36  Probe  
  67  5:45  Probe  
  67  5:48  Probe  
  69  5:57  Pylon  
  69  5:58  Gateway  
  69  6:09  Immortal (Chrono Boost)  
  73  6:16  Phoenix  
  73  6:17  Probe  
  75  6:19  Probe  
  77  6:28  Probe  
  77  6:29  Probe  
  77  6:31  Probe  
  80  6:36  Sentry x2, Adept  
  80  6:38  Probe  
  86  6:41  Forge  
  86  6:43  Twilight Council  
  91  6:47  Immortal (Chrono Boost)  
  91  6:48  Gateway  
  91  6:49  Pylon  
  91  6:53  Probe x2  
  91  6:55  Probe  
  91  6:59  Adept x2  
  98  7:05  Phoenix  
  98  7:07  Probe  
  101  7:13  Probe  
  102  7:17  Protoss Ground Armor Level 1 (Chrono Boost)  
  102  7:20  Gateway  
  102  7:21  Resonating Glaives  
  102  7:23  Pylon  
  102  7:25  Immortal (Chrono Boost)  
  102  7:29  Gateway  
  106  7:31  Probe, Gateway  
  106  7:32  Probe  
  106  7:35  Phoenix  
  110  7:38  Probe  
  110  7:42  Assimilator  
  111  7:45  Templar Archives  
  111  7:55  Adept x2  
  111  7:57  Adept  
  117  8:02  Photon Cannon  
  117  8:05  Pylon  
  117  8:07  Photon Cannon  
  117  8:13  Gateway, Assimilator  
  117  8:14  Gateway  
  117  8:15  Pylon  
  117  8:22  Adept x4  
  117  8:26  Psionic Storm  
  117  8:27  Probe x2  
  127  8:35  Immortal  
  127  8:36  Probe  
  127  8:39  Probe  
  133  8:48  Adept x4  
  136  8:57  Protoss Ground Weapons Level 1 (Chrono Boost)  
  136  9:11  High Templar x2  
  136  9:12  Observer  
  136  9:16  Nexus  
  141  9:18  Pylon x2  
  141  9:19  Pylon x2  
  141  9:20  Pylon  
  141  9:21  Pylon x2  
  141  9:27  Blink  
  141  9:36  Observer, Phoenix (Chrono Boost)  
  144  9:39  Stargate  
  144  9:43  Assimilator  
  144  9:49  Assimilator  
  144  9:50  Adept x3  
  144  9:51  Photon Cannon  
  144  9:52  High Templar x2  
  154  9:54  Photon Cannon  
  154  9:57  Immortal  
  158  10:13  Adept x5  
  158  10:14  Adept x3  
  172  10:18  Phoenix (Chrono Boost)  
  176  10:35  Adept x5  
  178  10:36  Adept  
  152  10:45  Adept x4  
  132  10:54  Warp Prism (Chrono Boost)  
  132  10:56  Phoenix x2  
  132  11:05  Adept x4  
  138  11:18  High Templar  
  138  11:19  High Templar x3  
  138  11:20  Adept x2  
  138  11:25  Protoss Ground Armor Level 2, Probe x2  
  149  11:26  Probe x2, Observer (Chrono Boost)  
  149  11:31  Adept x4  
  162  11:46  Phoenix x2  
  166  11:57  Adept x7  
  166  11:58  Adept  
  166  11:59  High Templar  
  74  12:39  Mothership Core, Phoenix x2  
  74  12:42  Immortal (Chrono Boost)  
  84  12:46  Adept x5  
  84  12:47  Stalker x4  
  84  12:48  Stalker  
  100  13:07  Adept  
  100  13:08  Stalker x4  
  101  13:15  Stalker x4  
  79  13:28  Stalker x2  
Show
View Real Time Build Order
Export as new Build Order

TOP Terran - Winner!

Build Orders: MMM Bio 

Get SALT Encoding   

  12  0:01  SCV  
  13  0:13  SCV  
  14  0:18  Supply Depot  
  14  0:26  SCV  
  15  0:39  SCV  
  15  0:41  Barracks  
  16  0:45  Refinery  
  16  0:51  SCV  
  17  1:04  SCV  
  18  1:16  SCV  
  19  1:28  Orbital Command  
  19  1:29  Barracks Reactor  
  19  1:43  Command Center  
  19  1:54  SCV  
  19  2:01  Supply Depot  
  20  2:06  SCV, Marine x2  
  23  2:12  Factory  
  23  2:22  SCV  
  24  2:24  Marine x2  
  26  2:37  SCV  
  26  2:39  Refinery  
  26  2:42  Marine x2  
  29  2:49  SCV  
  30  2:56  Orbital Command  
  30  2:59  Starport, Widow Mine  
  30  3:01  SCV  
  33  3:05  Marine  
  34  3:13  SCV  
  35  3:23  Marine x2  
  35  3:25  SCV  
  38  3:27  SCV  
  38  3:34  Engineering Bay  
  38  3:37  SCV, Medivac  
  38  3:39  SCV  
  42  3:42  Supply Depot  
  42  3:43  Marine x2  
  42  3:45  Widow Mine  
  46  4:01  Missile Turret  
  46  4:03  SCV x2  
  46  4:05  Supply Depot  
  46  4:10  Missile Turret  
  46  4:11  Marine x2  
  46  4:16  Medivac  
  50  4:19  SCV x2  
  52  4:27  Widow Mine  
  56  4:31  Supply Depot  
  56  4:32  SCV  
  56  4:38  SCV  
  56  4:40  Barracks Tech Lab  
  56  4:42  Supply Depot  
  56  4:45  SCV  
  57  4:50  SCV  
  58  4:55  Command Center  
  58  5:02  Stimpack, Marine  
  59  5:07  SCV x2  
  61  5:16  Factory Reactor, Barracks, Starport Reactor  
  61  5:19  SCV x2, Barracks  
  63  5:23  Marine  
  60  5:31  SCV x2  
  62  5:41  Marine  
  62  5:42  Command Center  
  63  5:43  SCV  
  63  5:47  Refinery x2  
  62  5:58  Missile Turret  
  62  5:59  Marauder, Medivac x2  
  62  6:02  Terran Infantry Weapons Level 1, Barracks  
  62  6:03  Barracks  
  68  6:06  Barracks Tech Lab  
  68  6:10  Orbital Command  
  68  6:18  Marine x2  
  69  6:21  Marauder  
  72  6:25  Combat Shields  
  72  6:26  Marauder  
  72  6:30  Widow Mine x2  
  72  6:31  Medivac  
  80  6:33  Medivac  
  80  6:36  Marine x2  
  84  6:44  Supply Depot  
  84  6:45  Supply Depot  
  84  6:49  SCV  
  84  6:51  Marauder  
  84  6:52  Barracks Reactor  
  84  6:53  Barracks Tech Lab, Liberator  
  87  6:55  Liberator  
  87  6:57  Orbital Command  
  87  7:01  SCV, Marauder, Marine  
  89  7:02  Missile Turret, Marine  
  92  7:11  Marine  
  92  7:13  SCV  
  100  7:17  Marine  
  100  7:21  Marine  
  102  7:25  SCV  
  102  7:27  Missile Turret, Marine  
  102  7:28  Marine, Marauder  
  102  7:29  Marine  
  108  7:31  Orbital Command  
  108  7:36  Liberator  
  108  7:37  SCV  
  109  7:44  Marauder, Marine x2  
  109  7:45  Marine  
  109  7:48  Marauder  
  109  7:49  SCV  
  117  7:51  Marine  
  117  7:52  Marauder  
  117  7:56  Armory, Engineering Bay  
  123  8:01  Terran Infantry Armor Level 1  
  123  8:02  Marine  
  124  8:14  Supply Depot  
  124  8:15  Supply Depot x2  
  124  8:24  Supply Depot  
  124  8:36  SCV, Marauder, Marine x5  
  124  8:37  Marauder  
  124  8:38  Supply Depot x2  
  124  8:39  Starport  
  124  8:40  Refinery, Liberator x2  
  134  8:42  Factory Reactor  
  134  8:43  SCV x2  
  134  8:44  SCV  
  134  8:48  SCV  
  138  8:49  Concussive Shells  
  138  8:54  Marauder  
  139  8:55  SCV, Marine  
  139  8:57  Refinery  
  139  8:58  Marauder  
  139  8:59  Marauder, Marine  
  139  9:00  SCV, Marine  
  139  9:01  Marine  
  155  9:05  SCV x2, Liberator  
  155  9:07  SCV  
  158  9:11  Supply Depot  
  158  9:13  Marine  
  158  9:15  Marauder, Liberator  
  161  9:19  Marauder  
  161  9:21  Marauder, Marine x2  
  170  9:33  Supply Depot  
  170  9:34  Supply Depot  
  170  9:35  Supply Depot  
  170  9:37  Liberator, Marauder  
  175  9:40  Widow Mine x2  
  175  9:45  Marine  
  179  9:46  Liberator  
  180  9:54  Marauder, Marine x3  
  180  9:56  Marauder  
  180  9:58  Marauder  
  192  10:00  Barracks  
  192  10:01  Barracks  
  192  10:03  Marine  
  196  10:09  Terran Infantry Weapons Level 2  
  196  10:11  Liberator  
  196  10:12  Marine x3  
  198  10:32  Missile Turret  
  198  10:33  Missile Turret  
  196  10:36  Missile Turret  
  196  10:40  Liberator  
  196  10:41  Marauder, Marine  
  160  10:42  Marine  
  160  10:43  Marauder x2, Marine x2  
  112  10:59  Barracks Tech Lab x2, Marine  
  112  11:00  Marine  
  112  11:01  Liberator, Ghost Academy, Marine x2  
  112  11:03  Marauder  
  116  11:04  Marauder, Liberator  
  116  11:05  Marauder  
  116  11:10  Terran Infantry Armor Level 2, Terran Ship Weapons Level 1  
  119  11:16  Marine  
  120  11:18  Marine x3  
  120  11:24  Marauder  
  131  11:26  Refinery x2, Marauder x2  
  131  11:30  Ghost x2, Liberator  
  138  11:34  Marine  
  138  11:36  Marine x3  
  142  11:45  Widow Mine x2  
  142  11:46  Marauder  
  142  11:47  Marine x2  
  153  11:59  Ghost, Marauder  
  153  12:00  Marine x2  
  153  12:01  Marine  
  160  12:08  Missile Turret  
  160  12:12  Marine  
  160  12:13  Marauder  
  144  12:16  Liberator x4  
  144  12:20  Marine  
  144  12:21  Marauder x3, Marine x2  
  117  12:28  Marine  
  114  12:30  Marine  
  114  12:34  Marauder  
  129  12:38  Marine x2  
  129  12:39  Marine  
  129  12:42  Marauder  
  129  12:43  Widow Mine, Marauder x2  
  138  12:45  Widow Mine  
  138  12:47  Marauder  
  138  12:48  Marine  
  145  12:55  Marauder  
  145  12:56  Marine x3  
  150  13:04  Marauder x3  
  156  13:06  Marine  
  156  13:07  Marine  
  153  13:14  Marine x3  
  153  13:17  Marauder, Liberator  
  153  13:23  Marine  
  153  13:25  Marauder x2, Marine x2  
  153  13:32  Marine x3  
  155  13:38  Marauder  
  160  13:41  Marine  
  160  13:43  Marauder, Marine  
  160  13:46  Marine  
  160  13:47  Marauder  
  167  13:49  Marine  
  167  13:50  Marine x2  
  170  13:59  Marine x2  
  170  14:01  Marine  
  173  14:04  Marine  
  173  14:05  Marauder  
  173  14:07  Marine x2  
  173  14:08  Marauder, Marine  
  181  14:17  Marauder, Marine  
  181  14:19  Marauder  
  181  14:22  Marauder  
  188  14:25  Marine x3  
  188  14:26  Marauder  
  188  14:29  Marine  
  194  14:35  Marine  
  195  14:39  Marauder  
  195  14:41  Marauder  
  195  14:43  Marine  
Tags
 
Add a new tag
Caveats
  • Supply blocks, unpowered buildings, or Contaminate may cause inaccurate times.
  • Supply counts are checked every 10 seconds.